 Dungeon Crawl Stone Soup version 0.17-a0-1635-gd4e48f1 (webtiles) character file.

415 urechis the Chiller (level 6, -5/41 HPs)
             Began as a Merfolk Ice Elementalist on Aug 4, 2015.
             Killed from afar by Dowan (22 damage)
             ... with a shard of ice
             ... on level 4 of the Dungeon.
             The game lasted 00:11:53 (3324 turns).

urechis the Chiller (Merfolk Ice Elementalist)      Turns: 3324, Time: 00:11:56

Health: -5/41      AC:  4    Str: 10    XL:     6   Next: 91%
Magic:  6/11       EV: 13    Int: 15    God:
Gold:   176        SH:  7    Dex: 14    Spells: 3 memorised, 3 levels left

rFire  x . .     SeeInvis .     d - +1 dagger (venom)
rCold  + . .     Clarity  .     v - +2 robe {MR+}
rNeg   . . .     SustAt   .     (no shield)
rPois  .         Gourm    .     s - +0 helmet
rElec  .         Spirit   .     (no cloak)
rCorr  .         Warding  .     u - +0 pair of gloves
rMut   .         Stasis   .     (no boots)
MR     +....                    (no amulet)
Stlth  ++........               q - -2 ring of protection (curse)
                                j - ring of ice

@: icy shield, somewhat resistant to hostile enchantments, unstealthy
A: change form in water, swift swim
a: no special abilities


You were on level 4 of the Dungeon.
You were not hungry.

You visited 1 branch of the dungeon, and saw 4 of its levels.

You collected 176 gold pieces.

Inventory:

Hand weapons
 d - a +1 dagger of venom (weapon)
Armour
 s - a +0 helmet (worn)
 u - a +0 pair of gloves (worn)
 v - a +2 robe of magic resistance (worn)
Jewellery
 j - a ring of ice (left hand)
 q - a cursed -2 ring of protection (right hand)
Magical devices
 a - a wand of disintegration (14)
 y - a wand of flame (14)
Scrolls
 f - a scroll of remove curse {unknown}
 m - 2 scrolls of identify {unknown}
 n - a scroll of enchant armour {unknown}
 x - a scroll of immolation {unknown}
Potions
 e - 2 potions of haste {unknown}
 g - 3 potions of agility
 k - 2 potions of poison {unknown}
 l - a potion of flight {unknown}
 o - a potion of mutation {unknown}
 p - 2 potions of brilliance {unknown}
 r - a potion of cure mutation {unknown}
Books
 b - a book of Frost

   Spells                             Type                      Level
   a - Freeze                         Ice                          1
   b - Throw Frost                    Conjuration/Ice              2
   c - Ozocubu's Armour               Charms/Ice                   3
   d - Throw Icicle                   Conjuration/Ice              4
   e - Summon Ice Beast               Ice/Summoning                4
   f - Condensation Shield            Ice                          4
Comestibles
 c - 4 bread rations
 h - 2 meat rations
 i - a beef jerky
 t - 2 fruits
 w - 3 chunks of flesh


   Skills:
 - Level 2.6 Dodging
 - Level 2.1 Stealth
 + Level 3.3 Spellcasting
   Level 0.7 Conjurations
 + Level 7.5 Ice Magic


You had 3 spell levels left.
You knew the following spells:

 Your Spells              Type           Power        Failure   Level  Hunger
a - Freeze                Ice            ####         1%          1    None
b - Ozocubu's Armour      Chrm/Ice       ###.....     14%         3    ###....
c - Condensation Shield   Ice            #####.....   12%         4    ####...


Dungeon Overview and Level Annotations

Branches:
Dungeon (4/15)
 Temple: D:4-7

Altars:
Nemelex Xobeh
The Shining One

Annotations:
D:4 Dowan


Message History

Confirm with . or Enter, or press ? or * to list all spells.
Aiming: Freeze
Press: ? - help, Shift-Dir - straight line, f - Dowan
Aim: Dowan, wielding a dagger and wearing a robe (fast)
You feel a surge of power!
You freeze Dowan.
Dowan is moderately wounded.
Dowan completely misses you.
Casting: Freeze
Confirm with . or Enter, or press ? or * to list all spells.
Aiming: Freeze
Press: ? - help, Shift-Dir - straight line, f/p - Dowan
Aim: Dowan, wielding a dagger and wearing a robe (moderately wounded, fast)
You feel a surge of power!
You freeze Dowan.
Dowan is heavily wounded.
Dowan gestures at you while chanting. The shard of ice misses you.
Dowan gestures at you while chanting. The shard of ice hits you!
You partially resist.
Ouch! That really hurt!
You die...

#####....#
#####........#
##(....##.....#
##..######(#..##
####### #..##
###..#..# .......#
#.## ##...#####
........ #)# #..###
..%..... ###.# #.##
........##.@.# ##.#
.......#..e#####..#
#..### ##..##
#.....## ##..##
#..#### #..## #..#
#.## ....# ###.# #.
#.# ###<..# #
#.####...###


You could see Dowan.

Vanquished Creatures
  Duvessa (D:4)
  An orc priest (D:3)
  Ijyb (D:2)
  2 orc wizards
  Natasha (twice) (D:2)
  Robin (D:2)
  5 adders
  A worm (D:3)
  2 giant geckos
  10 orcs
  A ball python (D:1)
  11 bats
  7 giant cockroaches
  12 hobgoblins
  3 jackals (D:2)
  8 kobolds
  A quokka (D:2)
  6 giant newts
  19 goblins
  A quokka skeleton (D:4)
  8 rats
103 creatures vanquished.

Notes
Turn   | Place    | Note
--------------------------------------------------------------
     0 | D:1      | urechis the Merfolk Ice Elementalist began the quest for the Orb.
     0 | D:1      | Reached XP level 1. HP: 13/13 MP: 3/3
    19 | D:1      | Reached XP level 2. HP: 13/19 MP: 0/5
   102 | D:1      | Reached skill level 4 in Ice Magic
   813 | D:1      | Reached XP level 3. HP: 17/24 MP: 6/6
  1022 | D:2      | Reached skill level 5 in Ice Magic
  1134 | D:2      | Found a faded altar to an unknown god.
  1174 | D:2      | Noticed Ijyb
  1180 | D:2      | Found a sparkling altar of Nemelex Xobeh.
  1188 | D:2      | Killed Ijyb
  1188 | D:2      | Reached XP level 4. HP: 22/30 MP: 0/7
  1302 | D:2      | Learned a level 3 spell: Ozocubu's Armour
  1709 | D:2      | Reached skill level 6 in Ice Magic
  1709 | D:2      | Reached XP level 5. HP: 30/35 MP: 3/8
  1715 | D:2      | Learned a level 4 spell: Condensation Shield
  1724 | D:2      | Noticed Natasha
  1755 | D:2      | Killed Natasha
  1787 | D:2      | Found a glowing golden altar of the Shining One.
  1839 | D:2      | Noticed Natasha
  1857 | D:2      | Killed Natasha
  2211 | D:2      | Noticed Robin
  2220 | D:2      | Killed Robin
  2632 | D:3      | Reached XP level 6. HP: 33/41 MP: 6/9
  2801 | D:3      | Reached skill level 7 in Ice Magic
  3244 | D:4      | Noticed Duvessa
  3252 | D:4      | Killed Duvessa
  3309 | D:4      | Noticed Dowan
  3324 | D:4      | Killed from afar by Dowan

Vault maps used:
D:1:      dpeg_arrival_windows_large_door, hex_intersection
D:2:      kennysheep_goblin_castle, nicolae_overflow_crystal_walls,
          old_standard_altar, ecumenical_altar_2, uniq_natasha, uniq_iyjb
D:4:      okawaru_trees_2, first_bread, serial_shops, shop, tgw_xom,
          uniq_duvessa

Action                   |  1- 3 |  4- 6 || total
-------------------------+-------+-------++-------
Melee: Mace              |    75 |    16 ||    91
       Dagger            |       |    57 ||    57
 Cast: Freeze            |    24 |    87 ||   111
       Condensation Shie |       |     1 ||     1
 Stab: Sleeping          |     5 |     3 ||     8
  Eat: Chunk             |     1 |     9 ||    10
